 Dungeon Crawl Stone Soup version 0.21.0-3-g78d12a8 (webtiles) character file.

1102 letownia2 the Grappler (level 8, -2/49 HPs)
             Began as a Gargoyle Fighter on Jan 9, 2018.
             Slain by Prince Ribbit (6 damage)
             ... on level 5 of the Dungeon.
             The game lasted 00:08:00 (3157 turns).

letownia2 the Grappler (Gargoyle Fighter)           Turns: 3157, Time: 00:08:01

Health: -2/49      AC: 19    Str: 21    XL:     8   Next: 32%
Magic:  8/8        EV: 10    Int: 10    God:
Gold:   185        SH:  0    Dex:  9    Spells: 7/7 levels left

rFire    . . .     SeeInvis .     - Unarmed
rCold    . . .     Gourm    .   (no shield)
rNeg     + . .     Faith    .   a - +0 scale mail
rPois    ∞         Spirit   .   (no helmet)
rElec    +         Reflect  .   k - +2 cloak
rCorr    .         Harm     .   h - +1 pair of gloves
MR       .....                  j - +0 pair of boots
Stlth    ..........             (no amulet)
HPRegen  0.16/turn              (no ring)
MPRegen  0.11/turn              (no ring)

@: no status effects
A: negative energy resistance 1, electricity resistance, unbreathing,
petrification resistance, rot immunity, AC +5
a: no special abilities


You were on level 5 of the Dungeon.
You were not hungry.

You visited 1 branch of the dungeon, and saw 5 of its levels.

You collected 185 gold pieces.

Inventory:

Hand Weapons
 b - the +8 great mace "Huuv Cats" {freeze, rElec rN++}
   (You found it on level 5 of the Dungeon)

   It has been specially enchanted to freeze those struck by it, causing extra
   injury to most foes and up to half again as much damage against particularly
   susceptible opponents.
   It can also slow down cold-blooded creatures.
   It insulates you from electricity.
   It greatly protects you from negative energy.
Armour
 a - a +0 scale mail (worn)
 h - a +1 pair of gloves (worn)
 j - a +0 pair of boots (worn)
 k - a +2 cloak (worn)
 s - a +0 shield
 t - a +2 shield
Magical Staves
 l - an uncursed staff of cold {unknown}
Wands
 p - a wand of flame (12)
Scrolls
 f - 2 scrolls of teleportation {unknown}
 g - a scroll of magic mapping {unknown}
 i - 2 scrolls of remove curse {unknown}
 r - a scroll of fog {unknown}
 v - a scroll of identify {unknown}
Potions
 c - 4 potions of might
 e - a potion of lignification {unknown}
 o - a potion of curing {unknown}
 q - a potion of magic {unknown}
Books
 m - a book of Maledictions

   Spells                             Type                      Level
   a - Corona                         Hexes                        1
   b - Ensorcelled Hibernation        Hexes/Ice                    2
   c - Confuse                        Hexes                        3
   d - Tukima's Dance                 Hexes                        3
   e - Dazzling Spray                 Conjuration/Hexes            3
Comestibles
 d - 6 rations


   Skills:
 + Level 5.1 Fighting
 + Level 3.7 Armour
 + Level 1.5 Dodging
 - Level 3.2 Shields
 - Level 8.6 Unarmed Combat


You had 7 spell levels left.
You didn't know any spells.

Dungeon Overview and Level Annotations

Branches:
Dungeon (5/15)
 Temple: D:4-7

Altars:
Dithmenos
Nemelex Xobeh
Xom

Shops:
D:4 (

Annotations:
D:3 ZomBoFoB's ghost, amateur OgGl
D:5 Pikel; Prince Ribbit


Innate Abilities, Weirdness & Mutations

You are resistant to torment.
Your stone body is resilient. (AC +5)
You are immune to poison.
You resist negative energy. (rN+)
You are resistant to electric shocks. (rElec)
You can survive without breathing.
You are immune to petrification.
You are immune to rotting.


Message History

Prince Ribbit hits you.
* * * LOW HITPOINT WARNING * * *
Prince Ribbit closely misses you.
Throwing (i - inventory):
n - a throwing net (quivered)
Press: ? - help, Shift-Dir - straight line, f/p - Prince Ribbit
Aim: Prince Ribbit (moderately wounded)
You throw a throwing net.
The throwing net closely misses Prince Ribbit.
Prince Ribbit barely misses you. x2
Prince Ribbit closely misses you.
Prince Ribbit blinks!
Evoke which item? (* to show all) (? for menu, Esc to quit)
Aiming: Throw Flame
Press: ? - help, Shift-Dir - straight line, f/p - Prince Ribbit
Aim: Prince Ribbit (moderately wounded)
The puff of flame hits Prince Ribbit.
Prince Ribbit is heavily wounded.
Prince Ribbit closely misses you. Prince Ribbit hits you.
You die...

....####..############)##§§..§§.#
###.## ##[..........())###§..§§##
#..# ####....######## ##...###
##.# ####....# ##....(. #.#
####.### ##...###. #.# #...#
#..### #. #.# ###.####.## ##
####.###############......#######
#.(............F@................
##.#.####......#######.....#####.
#.#..# #......# #.###..## #.
#.##.# #......# #.# ##..###.
##.##.#####.#### ####.#####..##.
.#..#..## #..# ##..............
.##.##..# #..# #..##.#######...
.##.###.###..# #.###<# ####
.##.###..###.#####.##..# #


You could see Prince Ribbit.

Vanquished Creatures
  Grinder (D:5)
  A phantom (D:5)
  3 centaurs (D:5)
  A scorpion (D:5)
  3 crimson imps
  A bullfrog zombie (D:5)
  2 bullfrog skeletons
  A hound (D:5)
  An orc wizard (D:5)
  An iguana (D:4)
  Natasha (D:4)
  Ijyb (D:5)
  2 worker ants (D:4)
  A hound skeleton (D:5)
  5 adders
  5 gnolls
  A shadow imp (D:4)
  2 oozes
  2 adder skeletons (D:2)
  A worm (D:2)
  A dart slug (D:4)
  3 leopard geckos
  3 orcs
  A bat skeleton (D:2)
  A giant cockroach (D:5)
  2 goblins (D:2)
  2 hobgoblins
  8 jackals
  A quokka (D:4)
  2 bats (D:2)
  A frilled lizard (D:4)
  3 kobolds
  A quokka skeleton (D:2)
  2 rats (D:2)
67 creatures vanquished.

Notes
Turn   | Place    | Note
-------+----------+-------------------------------------------
     0 | D:1      | letownia2 the Gargoyle Fighter began the quest for the Orb.
     0 | D:1      | Reached XP level 1. HP: 14/14 MP: 1/1
   305 | D:1      | Reached XP level 2. HP: 19/19 MP: 2/2
   344 | D:2      | Reached skill level 3 in Unarmed Combat
   556 | D:2      | Reached XP level 3. HP: 23/23 MP: 3/3
   921 | D:2      | Reached XP level 4. HP: 28/28 MP: 4/4
   943 | D:2      | Reached skill level 4 in Unarmed Combat
  1112 | D:3      | Noticed ZomBoFoB's ghost (amateur OgGl)
  1395 | D:3      | Found a shimmering altar of Xom.
  1452 | D:4      | Reached XP level 5. HP: 22/34 MP: 5/5
  1674 | D:4      | Noticed Natasha
  1687 | D:4      | Killed Natasha
  1754 | D:4      | Reached skill level 5 in Unarmed Combat
  1754 | D:4      | Reached XP level 6. HP: 30/40 MP: 6/6
  1930 | D:4      | Reached skill level 1 in Dodging
  2081 | D:4      | Found a sparkling altar of Nemelex Xobeh.
  2124 | D:4      | Found Liunam's Weapon Emporium.
  2409 | D:5      | Entered Level 5 of the Dungeon
  2409 | D:5      | Noticed Ijyb
  2420 | D:5      | Killed Ijyb
  2537 | D:5      | Got a fine great mace
  2538 | D:5      | Identified the +8 great mace "Huuv Cats" {freeze, rElec rN++} (You found it on level 5 of the Dungeon)
  2569 | D:5      | Noticed a slave
  2570 | D:5      | Noticed a slave
  2571 | D:5      | Noticed a slave
  2572 | D:5      | Noticed a slave
  2573 | D:5      | Noticed Pikel
  2586 | D:5      | Reached skill level 6 in Unarmed Combat
  2586 | D:5      | Reached XP level 7. HP: 23/44 MP: 7/7
  2802 | D:5      | Reached skill level 7 in Unarmed Combat
  2817 | D:5      | Noticed Prince Ribbit
  2843 | D:5      | Noticed Grinder
  2858 | D:5      | Killed Grinder
  2886 | D:5      | Reached skill level 8 in Unarmed Combat
  2895 | D:5      | Reached XP level 8. HP: 28/48 MP: 8/8
  2919 | D:5      | Found a shadowy altar of Dithmenos.
  2960 | D:5      | Reached skill level 5 in Fighting
  3137 | D:5      | HP: 2/49 [Prince Ribbit (3)]
  3144 | D:5      | HP: 2/49 [Prince Ribbit (2)]
  3157 | D:5      | Slain by Prince Ribbit

Skill      XL: |  1  2  3  4  5  6  7  8 |
---------------+-------------------------+-----
Unarmed Combat | 3 4 5 6 8 |  8.6
Fighting       | 4 5 |  5.1
Dodging        | 1 |  1.5
Armour         | |  3.7
Shields        | |  3.2

Action                   |  1- 3 |  4- 6 |  7- 9 || total
-------------------------+-------+-------+-------++-------
Melee: Unarmed           |    97 |   219 |    79 ||   395
       Punch             |     1 |     7 |     2 ||    10
       Great mace        |       |       |    10 ||    10
Throw: Throwing net      |       |       |     1 ||     1
Evoke: Wand              |       |       |    11 ||    11
  Eat: Chunk             |       |     6 |     2 ||     8
Armor: Scale mail        |    91 |   146 |    50 ||   287
Dodge: Dodged            |    52 |   134 |    54 ||   240
